 Dungeon Crawl Stone Soup version 0.21-a0-405-gf2af9a1 (webtiles) character file.

859 ohad the Changer (level 8, -1/82 HPs)
             Began as a Naga Transmuter on Nov 1, 2017.
             Was an Initiate of Cheibriados.
             Slain by a jackal (3 damage)
             ... on level 5 of the Dungeon.
             The game lasted 00:11:40 (4929 turns).

ohad the Changer (Naga Transmuter)                  Turns: 4929, Time: 00:11:41

Health: -1/82      AC:  6    Str: 15    XL:     8   Next: 2%
Magic:  8/13       EV: 10    Int: 16    God:    Cheibriados [......]
Gold:   255        SH:  0    Dex: 12    Spells: 5/14 levels left

rFire    . . .     SeeInvis +     - Unarmed
rCold    + + +     Gourm    +   (shield currently unavailable)
rNeg     . . .     Faith    .   (armour currently unavailable)
rPois    +         Spirit   .   (helmet currently unavailable)
rElec    .         Reflect  .   (cloak currently unavailable)
rCorr    .         Harm     .   (gloves currently unavailable)
MR       +....                  (no barding)
Stlth    ++........             o - amulet of the gourmand
HPRegen  0.23/turn              v - ring of protection from fire
MPRegen  0.13/turn              (no ring)

@: ice-form, very slow
A: see invisible, slow metabolism 1, spit poison 1, AC +2
a: Spit Poison, End Transformation, Bend Time, Renounce Religion


You were on level 5 of the Dungeon.
You worshipped Cheibriados.
Cheibriados was noncommittal.
You were very full.
You were a creature of crystalline ice.
You visited 2 branches of the dungeon, and saw 6 of its levels.

You collected 255 gold pieces.

Inventory:

Hand Weapons
 w - a +0 dagger of electrocution (melded)
 E - a +2 war axe of chopping
Missiles
 a - 20 arrows
 i - 57 bolts
Armour
 b - a +0 robe (melded)
 k - a +0 leather armour
 x - a cursed +0 scale mail
 y - a +0 scale mail
 C - a +0 ring mail
 G - a +0 helmet (melded)
Magical Staves
 u - an uncursed staff of death {unknown}
Jewellery
 o - an amulet of the gourmand (around neck)
 v - a ring of protection from fire (left front paw)
 A - an uncursed ring of fire
Scrolls
 e - 6 scrolls of remove curse
 f - 3 scrolls of magic mapping {unknown}
 g - a scroll of amnesia
 m - 4 scrolls of enchant armour {unknown}
 n - 4 scrolls of identify {unknown}
 r - a scroll of fear {unknown}
 s - a scroll of teleportation {unknown}
 B - a scroll of random uselessness {unknown}
Potions
 h - a potion of agility {unknown}
 j - a potion of haste {unknown}
 l - a potion of magic {unknown}
 p - 2 potions of mutation {unknown}
 q - a potion of resistance {unknown}
 z - 2 potions of curing {unknown}
Books
 c - a book of Changes

   Spells                             Type                      Level
   a - Beastly Appendage              Transmutation                1
   b - Sticks to Snakes               Transmutation                2
   c - Spider Form                    Transmutation/Poison         3
   d - Ice Form                       Ice/Transmutation            4
   e - Blade Hands                    Transmutation                5
Comestibles
 d - 4 bread rations
 t - a meat ration
 F - 3 fruits


   Skills:
 + Level 3.5 Fighting
 - Level 1.5 Dodging
 - Level 2.7 Stealth
 - Level 3.0 Unarmed Combat
 - Level 3.7 Spellcasting
 - Level 7.0 Transmutations
 - Level 1.1 Ice Magic


You had 5 spell levels left.
You knew the following spells:

 Your Spells              Type           Power        Failure   Level  Hunger
b - Sticks to Snakes      Tmut           ####....     1%          2    ##.....
c - Spider Form           Tmut/Pois      ##........   12%         3    ###....
d - Ice Form              Ice/Tmut       ###.....     32%         4    ####...


Dungeon Overview and Level Annotations

Branches:
Dungeon (5/15)             Temple (1/1) D:4

Altars:
Ashenzari
Cheibriados
Dithmenos
Fedhas
Gozag
Hepliaklqana
Kikubaaqudgha
Makhleb
Nemelex Xobeh
Okawaru
Ru
Sif Muna
Trog
Vehumet
Wu Jian
Xom
Yredelemnul
Zin
The Shining One


Innate Abilities, Weirdness & Mutations

You cannot wear boots.
((Your serpentine skin is tough. (AC +2)))
You have supernaturally acute eyesight. (SInv)
((Armour fits poorly on your strangely shaped body.))
((Your system is resistant to poisons. (rPois)))
((You cover ground very slowly.))
You have a slow metabolism.
You can spit poison.


Message History

The ogre is heavily wounded.
The ogre barely misses you. The jackal bites you.
You hit the ogre but do no damage.
The ogre is heavily wounded.
The ogre hits you with a giant club!!
* * * LOW HITPOINT WARNING * * *
The jackal barely misses you.
A jackal comes into view.
You hit the ogre but do no damage.
The ogre is heavily wounded.
The ogre hits you with a giant club!
* * * LOW HITPOINT WARNING * * *
You punch the ogre! You freeze the ogre.
You kill the ogre!
Cheibriados appreciates the change of pace.
Your Fighting skill increases to level 3!
You have reached level 8!
You feel stronger. The jackal bites you.
You die...

#..####..#.#
#....#...#.###
#....#.#.....#
#......#.....# ##
##.#...#.....# .#
#...#.#[....####.##
..>..#.............#
..#......#######.#.....
.......#.. #Y# ...
.###....##. #..)h# .
#.##. #+###.h. #.$##
##.# #.# +.# ###


You could see 2 jackals.

Vanquished Creatures
  An ice beast (D:4)
  A phantom (D:5)
  An ogre (D:5)
  A scorpion (D:5)
  A jelly (D:5)
  2 orc priests
  2 hounds
  7 orc wizards
  A worker ant (D:5)
  A hound skeleton (D:4)
  4 adders
  An ooze (D:1)
  4 worms
  6 leopard geckos
  17 orcs
  6 bats
  7 giant cockroaches
  7 goblins
  8 hobgoblins
  8 jackals
  2 quokkas
  4 frilled lizards
  6 kobolds
  A leopard gecko skeleton (D:4)
  A leopard gecko zombie (D:5)
  A quokka zombie (D:5)
  8 rats
109 creatures vanquished.

Notes
Turn   | Place    | Note
-------+----------+-------------------------------------------
     0 | D:1      | ohad the Naga Transmuter began the quest for the Orb.
     0 | D:1      | Reached XP level 1. HP: 18/18 MP: 3/3
    22 | D:1      | Reached skill level 1 in Stealth
    75 | D:1      | Reached XP level 2. HP: 17/25 MP: 3/5
   172 | D:1      | Learned a level 2 spell: Sticks to Snakes
   687 | D:1      | Reached XP level 3. HP: 25/31 MP: 4/6
   754 | D:1      | Reached skill level 3 in Transmutations
   774 | D:1      | Learned a level 3 spell: Spider Form
  1310 | D:2      | Reached XP level 4. HP: 37/38 MP: 4/7
  1706 | D:3      | Reached skill level 4 in Transmutations
  2016 | D:3      | Reached XP level 5. HP: 42/44 MP: 4/8
  2040 | D:3      | Reached skill level 5 in Transmutations
  2748 | D:3      | Reached XP level 6. HP: 43/51 MP: 7/9
  2822 | D:4      | Reached skill level 6 in Transmutations
  3197 | D:4      | Noticed an ice beast
  3217 | D:4      | Killed an ice beast
  3417 | D:4      | Found a staircase to the Ecumenical Temple.
  3428 | Temple   | Entered the Ecumenical Temple
  3522 | Temple   | Became a worshipper of Cheibriados the Contemplative
  3769 | D:4      | Found a hazy altar of Hepliaklqana.
  3962 | D:5      | Entered Level 5 of the Dungeon
  3999 | D:5      | Reached skill level 7 in Transmutations
  3999 | D:5      | Reached XP level 7. HP: 42/57 MP: 7/10
  4014 | D:5      | Learned a level 4 spell: Ice Form
  4036 | D:5      | Reached skill level 1 in Ice Magic
  4928 | D:5      | HP: 2/73 [ogre/giant club (15)]
  4929 | D:5      | Reached XP level 8. HP: 2/69 MP: 8/13
  4929 | D:5      | Slain by a jackal

Vault maps used:
D:1:      noname_arrival_rooms_in_the_neighbourhood, minmay_fountain_box,
          minmay_split_cup_small
D:3:      first_bread, minmay_misc_feat_iff
D:4:      marbit_many_paths, minmay_temple_entry_trees
D:5:      kennysheep_small_circle
Temple:   kilobyte_greek_temple

Skill      XL: |  1  2  3  4  5  6  7 |
---------------+----------------------+-----
Stealth        | 2 |  2.7
Transmutations | 3 4 5 7 |  7.0
Ice Magic      | 1 |  1.1
Spellcasting   | 3 |  3.7
Fighting       | 3 |  3.5
Dodging        | |  1.5
Unarmed Combat | |  3.0

Action                   |  1- 3 |  4- 6 |  7- 9 || total
-------------------------+-------+-------+-------++-------
Melee: Unarmed           |    75 |    65 |    39 ||   179
       Headbutt          |     6 |     4 |     1 ||    11
       Punch             |     1 |       |       ||     1
       Dagger            |       |    49 |    15 ||    64
 Cast: Beastly Appendage |    17 |    11 |     2 ||    30
       Spider Form       |     2 |     8 |     3 ||    13
       Sticks to Snakes  |       |     4 |       ||     4
       Ice Form          |       |       |     2 ||     2
 Abil: Spit Poison       |    32 |    22 |     5 ||    59
  Use: Scroll            |       |     2 |     1 ||     3
 Stab: Sleeping          |     1 |       |     1 ||     2
  Eat: Chunk             |     9 |    15 |     4 ||    28
Armor: Robe              |    17 |    14 |     2 ||    33
       Skin              |       |     2 |     3 ||     5
Dodge: Dodged            |    50 |    74 |    36 ||   160

Table legend:
 A = Spawn XP
 B = Non-spawn XP
 C = Spawn XP percentage of total XP
 D = Spawn monster count
 E = Non-spawn monster count
 F = Spawn count percentage of total count
 G = Total turns spent on level
                    A         B        C        D         E        F      G
               +---------+---------+-------+---------+---------+-------+---------
         Total |       0 |    1228 |   0.0 |       0 |     109 |   0.0 |  4929
               +---------+---------+-------+---------+---------+-------+---------
           D:1 |       0 |      49 |   0.0 |       0 |      26 |   0.0 |   951
           D:2 |       0 |      37 |   0.0 |       0 |      16 |   0.0 |   694
           D:3 |       0 |     260 |   0.0 |       0 |      33 |   0.0 |  1168
           D:4 |       0 |     224 |   0.0 |       0 |      13 |   0.0 |  1020
           D:5 |       0 |     658 |   0.0 |       0 |      21 |   0.0 |   967
               +---------+---------+-------+---------+---------+-------+---------
